| TOP OF THE 1ST |
|
Seattle Mariners batting - Pitching for Colorado Rockies : RHP John Gant
|
|
Pitching: RHP John Gant
|
|
|
Batting: RHB Albert Almora
|
0-0: SINGLE (Groundball, 15S, EV 62 MPH) (infield hit)
|
|
Batting: LHB Bobby Howell
|
0-0: Called Strike 0-1: Swinging Strike 0-2: Ball 1-2: Strikes out swinging
|
|
Batting: LHB Kolten Wong
|
0-0: Called Strike 0-1: Swinging Strike 0-2: Ball 1-2: Ball 2-2: Ball 3-2: SINGLE (Line Drive, 89S, EV 76 MPH) Albert Almora to second
|
|
Batting: LHB Bob Hollis
|
0-0: Swinging Strike 0-1: Ball 1-1: Ball 2-1: Called Strike 2-2: Ball 3-2: Base on Balls Albert Almora to third Kolten Wong to second
|
|
Batting: LHB Ryan McMahon
|
0-0: Called Strike 0-1: Called Strike 0-2: Strikes out looking
|
|
Batting: LHB Mike Hahn
|
0-0: Ball 1-0: Ball 2-0: Foul Ball, location: 2F 2-1: Fly out, F5 (Popup, 25F, EV 88 MPH)
|
| Top of the 1st over - 0 runs, 2 hits, 0 errors, 3 left on base; Seattle 0 - Colorado 0 |
| BOTTOM OF THE 1ST |
|
Colorado Rockies batting - Pitching for Seattle Mariners : RHP Anastasio Rodríguez
|
|
Pitching: RHP Anastasio Rodríguez
|
|
|
Batting: LHB Oliver Acevedo
|
0-0: Ball 1-0: Called Strike 1-1: Called Strike 1-2: SINGLE (Line Drive, 8LS, EV 75 MPH)
|
|
Batting: LHB Tony Parker
|
0-0: Called Strike 0-1: Swinging Strike 0-2: Ball 1-2: Fly out, F6 (Popup, 6MS, EV 74 MPH)
|
|
Batting: RHB Christian Walker
|
0-0: Grounds into double play, 6-4-3 (Groundball, 6, EV 92 MPH)
|
| Bottom of the 1st over - 0 runs, 1 hit, 0 errors, 0 left on base; Seattle 0 - Colorado 0 |
| TOP OF THE 2ND |
|
Seattle Mariners batting - Pitching for Colorado Rockies : RHP John Gant
|
|
Batting: RHB Josh Morgan
|
0-0: Called Strike 0-1: Ball 1-1: Called Strike 1-2: TRIPLE (Groundball, 3L, EV 101 MPH)
|
|
Batting: SHB Fidel Mejia
|
0-0: Foul Ball, location: 2RF 0-1: SINGLE (Groundball, 6D, EV 95 MPH) Josh Morgan scores
|
|
Batting: LHB Reese McGuire
|
0-0: Sac Bunt to 15S - play at second, runner OUT! 1-6
|
|
Batting: RHB Albert Almora
|
0-0: Ball Reese McGuire steals 2nd base 1-0: Foul Ball, location: 2F 1-1: Ground out 1-3 (Groundball, 13S, EV 66 MPH)
|
|
Batting: LHB Bobby Howell
|
0-0: Ground out 4-3 (Groundball, 4S, EV 87 MPH)
|
| Top of the 2nd over - 1 run, 2 hits, 0 errors, 1 left on base; Seattle 1 - Colorado 0 |
| BOTTOM OF THE 2ND |
|
Colorado Rockies batting - Pitching for Seattle Mariners : RHP Anastasio Rodríguez
|
|
Batting: LHB Rowdy Tellez
|
0-0: Swinging Strike 0-1: Ball 1-1: Swinging Strike 1-2: Strikes out swinging
|
|
Batting: LHB Dom Nunez
|
0-0: Ball 1-0: Foul Ball, location: 2F 1-1: Ball 2-1: DOUBLE (Line Drive, 9LD, EV 82 MPH)
|
|
Batting: RHB Joe Hill
|
0-0: Fly out, F8 (Line Drive, 8LM, EV 81 MPH)
|
|
Batting: RHB Tim Stevenson
|
0-0: Swinging Strike 0-1: Ball 1-1: Ground out 5-3 (Groundball, 5S, EV 110 MPH)
|
| Bottom of the 2nd over - 0 runs, 1 hit, 0 errors, 1 left on base; Seattle 1 - Colorado 0 |
| TOP OF THE 3RD |
|
Seattle Mariners batting - Pitching for Colorado Rockies : RHP John Gant
|
|
Batting: LHB Kolten Wong
|
0-0: Swinging Strike 0-1: Swinging Strike 0-2: Ball 1-2: Ball 2-2: Ball 3-2: Base on Balls
|
|
Batting: LHB Bob Hollis
|
0-0: Foul Ball, location: 7LMF 0-1: Ball 1-1: Ball 2-1: Ball 3-1: Swinging Strike 3-2: DOUBLE (Flyball, 78XD, EV 109 MPH) Kolten Wong to third Kolten Wong scores
|
|
Batting: LHB Ryan McMahon
|
0-0: Foul Ball, location: 7LMF 0-1: Ball 1-1: Foul Ball, location: 2F 1-2: SINGLE (Groundball, 4MD, EV 81 MPH) Bob Hollis to third
|
|
Batting: LHB Mike Hahn
|
0-0: Foul Ball, location: 3FF 0-1: DOUBLE (Line Drive, 78D, EV 103 MPH) Bob Hollis scores Ryan McMahon to third
|
|
Batting: RHB Josh Morgan
|
0-0: Swinging Strike 0-1: Ball 1-1: Called Strike 1-2: Foul Ball, location: 2F 1-2: Ball 2-2: SINGLE (Groundball, 6MD, EV 93 MPH) Ryan McMahon scores Mike Hahn to third
|
|
Batting: SHB Fidel Mejia
|
0-0: Grounds into double play, 4-6-3 (Groundball, 4, EV 85 MPH)
|
|
Batting: LHB Reese McGuire
|
0-0: SINGLE (Groundball, 56S, EV 71 MPH) (infield hit) Mike Hahn scores
|
|
Pitching: RHP Adrián López
|
|
|
Batting: RHB Albert Almora
|
0-0: Ball 1-0: Ball Reese McGuire steals 2nd base 2-0: Foul Ball, location: 3FF 2-1: Called Strike 2-2: Ball 3-2: Base on Balls
|
|
Batting: LHB Bobby Howell
|
0-0: Ball 1-0: Ball 2-0: Called Strike 2-1: Ball 3-1: Base on Balls Reese McGuire to third Albert Almora to second
|
|
Batting: LHB Kolten Wong
|
0-0: Ball 1-0: Foul Ball, location: 9LSF 1-1: Ball 2-1: Called Strike 2-2: Strikes out swinging
|
| Top of the 3rd over - 4 runs, 5 hits, 0 errors, 3 left on base; Seattle 5 - Colorado 0 |
| BOTTOM OF THE 3RD |
|
Colorado Rockies batting - Pitching for Seattle Mariners : RHP Anastasio Rodríguez
|
|
Batting: RHB Ed Mann
|
0-0: Called Strike 0-1: Fly out, F4 (Popup, 4, EV 47 MPH)
|
|
Batting: RHB Mario Garza
|
0-0: Ball 1-0: Foul Ball, location: 9LSF 1-1: Called Strike 1-2: Strikes out swinging
|
|
Batting: LHB Oliver Acevedo
|
0-0: Ball 1-0: Ball 2-0: Ball 3-0: Called Strike 3-1: DOUBLE (Groundball, 3L, EV 110 MPH)
|
|
Batting: LHB Tony Parker
|
0-0: Ball 1-0: Ball 2-0: Swinging Strike 2-1: Swinging Strike 2-2: Strikes out swinging
|
| Bottom of the 3rd over - 0 runs, 1 hit, 0 errors, 1 left on base; Seattle 5 - Colorado 0 |
| TOP OF THE 4TH |
|
Seattle Mariners batting - Pitching for Colorado Rockies : RHP Adrián López
|
|
Batting: LHB Bob Hollis
|
0-0: Swinging Strike 0-1: Ball 1-1: Ball 2-1: Called Strike 2-2: Ground out 4-3 (Groundball, 13, EV 88 MPH)
|
|
Batting: LHB Ryan McMahon
|
0-0: Foul Ball, location: 3DF 0-1: Swinging Strike 0-2: Strikes out swinging
|
|
Batting: LHB Mike Hahn
|
0-0: Called Strike 0-1: SINGLE (Groundball, 15S, EV 69 MPH) (infield hit)
|
|
Batting: RHB Josh Morgan
|
0-0: Called Strike 0-1: Swinging Strike 0-2: Fly out, F8 (Line Drive, 8RD, EV 81 MPH)
|
| Top of the 4th over - 0 runs, 1 hit, 0 errors, 1 left on base; Seattle 5 - Colorado 0 |
| BOTTOM OF THE 4TH |
|
Colorado Rockies batting - Pitching for Seattle Mariners : RHP Anastasio Rodríguez
|
|
Batting: RHB Christian Walker
|
0-0: Ball 1-0: Foul Ball, location: 2F 1-1: Foul Ball, location: 2F 1-2: Ground out 5-3 (Groundball, 5S, EV 66 MPH)
|
|
Batting: LHB Rowdy Tellez
|
0-0: Fly out, F4 (Popup, 34D, EV 66 MPH)
|
|
Batting: LHB Dom Nunez
|
0-0: Foul Ball, location: 2RF 0-1: Fly out, F7 (Line Drive, 7, EV 101 MPH)
|
| Bottom of the 4th over - 0 runs, 0 hits, 0 errors, 0 left on base; Seattle 5 - Colorado 0 |
| TOP OF THE 5TH |
|
Seattle Mariners batting - Pitching for Colorado Rockies : RHP Adrián López
|
|
Batting: SHB Fidel Mejia
|
0-0: Called Strike 0-1: Ball 1-1: Ball 2-1: Swinging Strike 2-2: Ball 3-2: Base on Balls
|
|
Batting: LHB Reese McGuire
|
0-0: Called Strike 0-1: Ground out 6-3 (Groundball, 6S, EV 54 MPH) Fidel Mejia to second
|
|
Batting: RHB Albert Almora
|
0-0: Ball 1-0: Fly out, F9 (Line Drive, 9, EV 88 MPH)
|
|
Batting: LHB Bobby Howell
|
0-0: Ball 1-0: Ball 2-0: Foul Ball, location: 2RF 2-1: Foul Ball, location: 7LSF 2-2: Strikes out swinging
|
| Top of the 5th over - 0 runs, 0 hits, 0 errors, 1 left on base; Seattle 5 - Colorado 0 |
| BOTTOM OF THE 5TH |
|
Colorado Rockies batting - Pitching for Seattle Mariners : RHP Anastasio Rodríguez
|
|
Batting: RHB Joe Hill
|
0-0: Ball 1-0: Ball 2-0: Called Strike 2-1: Ball 3-1: Swinging Strike 3-2: DOUBLE (Flyball, 89XD, EV 87 MPH)
|
|
Batting: RHB Tim Stevenson
|
0-0: Swinging Strike 0-1: Foul Ball, location: 23F 0-2: Strikes out swinging
|
|
Batting: RHB Ed Mann
|
0-0: Called Strike 0-1: Swinging Strike 0-2: Fly out, F6 (Line Drive, 6D, EV 73 MPH)
|
|
Batting: RHB Mario Garza
|
0-0: Ball 1-0: Ball 2-0: Ball 3-0: Called Strike 3-1: Base on Balls
|
|
Batting: LHB Oliver Acevedo
|
0-0: Swinging Strike 0-1: Ball 1-1: Swinging Strike 1-2: Strikes out looking
|
| Bottom of the 5th over - 0 runs, 1 hit, 0 errors, 2 left on base; Seattle 5 - Colorado 0 |
| TOP OF THE 6TH |
|
Seattle Mariners batting - Pitching for Colorado Rockies : RHP Adrián López
|
|
Batting: LHB Kolten Wong
|
0-0: Ball 1-0: Ball 2-0: Ground out 2-3 (Groundball, 2R, EV 61 MPH)
|
|
Batting: LHB Bob Hollis
|
0-0: Ball 1-0: Ball 2-0: Swinging Strike 2-1: Called Strike 2-2: Foul Ball, location: 7LMF 2-2: Ground out 4-3 (Groundball, 4S, EV 71 MPH)
|
|
Batting: LHB Ryan McMahon
|
0-0: Swinging Strike 0-1: Foul Ball, location: 5FF 0-2: Strikes out swinging
|
| Top of the 6th over - 0 runs, 0 hits, 0 errors, 0 left on base; Seattle 5 - Colorado 0 |
| BOTTOM OF THE 6TH |
|
Colorado Rockies batting - Pitching for Seattle Mariners : RHP Anastasio Rodríguez
|
|
Batting: LHB Tony Parker
|
0-0: Called Strike 0-1: Ball 1-1: Ball 2-1: Foul Ball, location: 2F 2-2: Fly out, F9 (Flyball, 9S, EV 83 MPH)
|
|
Batting: RHB Christian Walker
|
0-0: Called Strike 0-1: Ball 1-1: Ball 2-1: Fly out, F7 (Flyball, 7S, EV 87 MPH)
|
|
Batting: LHB Rowdy Tellez
|
0-0: Ball 1-0: Called Strike 1-1: Swinging Strike 1-2: Ball 2-2: Strikes out looking
|
| Bottom of the 6th over - 0 runs, 0 hits, 0 errors, 0 left on base; Seattle 5 - Colorado 0 |
| TOP OF THE 7TH |
|
Seattle Mariners batting - Pitching for Colorado Rockies : RHP Adrián López
|
|
Pitching: RHP Don Younger
|
|
|
Batting: LHB Mike Hahn
|
0-0: Ball 1-0: SOLO HOME RUN (Flyball, 89XD, EV 95 MPH), Distance : 453 ft
|
|
Batting: RHB Josh Morgan
|
0-0: Foul Ball, location: 2F 0-1: Foul Ball, location: 9LSF 0-2: Ball 1-2: Strikes out looking
|
|
Batting: SHB Fidel Mejia
|
0-0: Called Strike 0-1: Foul Ball, location: 23F 0-2: Strikes out swinging
|
|
Batting: LHB Reese McGuire
|
0-0: Swinging Strike 0-1: Ball 1-1: Swinging Strike 1-2: SINGLE (Line Drive, 78M, EV 79 MPH)
|
|
Batting: RHB Albert Almora
|
0-0: Ball 1-0: Ground out 1-3 (Groundball, 34S, EV 70 MPH)
|
| Top of the 7th over - 1 run, 2 hits, 0 errors, 1 left on base; Seattle 6 - Colorado 0 |
| BOTTOM OF THE 7TH |
|
Colorado Rockies batting - Pitching for Seattle Mariners : RHP Anastasio Rodríguez
|
|
Batting: LHB Dom Nunez
|
0-0: Ground out 4-3 (Groundball, 4MS, EV 63 MPH)
|
|
Batting: RHB Joe Hill
|
0-0: Called Strike 0-1: Called Strike 0-2: Ball 1-2: Ground out 2-3 (Groundball, 2L, EV 77 MPH)
|
|
Batting: RHB Tim Stevenson
|
0-0: Ball 1-0: Called Strike 1-1: SINGLE (Groundball, 6MD, EV 112 MPH)
|
|
Batting: RHB Ed Mann
|
0-0: Foul Ball, location: 7LDF 0-1: SINGLE (Groundball, 6MD, EV 88 MPH) Tim Stevenson to second Runner from 2nd tries for 3rd, OUT! 8-5
|
| Bottom of the 7th over - 0 runs, 2 hits, 0 errors, 1 left on base; Seattle 6 - Colorado 0 |
| TOP OF THE 8TH |
|
Seattle Mariners batting - Pitching for Colorado Rockies : RHP Don Younger
|
|
Batting: LHB Bobby Howell
|
0-0: SINGLE (Groundball, 56D, EV 114 MPH)
|
|
Batting: LHB Kolten Wong
|
0-0: Ball 1-0: Ball 2-0: Called Strike 2-1: Foul Ball, location: 2F 2-2: Foul Ball, location: 2F 2-2: Strikes out swinging
|
|
Batting: LHB Bob Hollis
|
0-0: Ball Bobby Howell steals 2nd base 1-0: Foul Ball, location: 25F 1-1: Ball 2-1: Foul Ball, location: 7LSF 2-2: Strikes out swinging
|
|
Batting: LHB Ryan McMahon
|
0-0: Foul Ball, location: 2LF 0-1: Foul Ball, location: 5F 0-2: Ball 1-2: Ball 2-2: Ground out 5-3 (Groundball, 56, EV 72 MPH)
|
| Top of the 8th over - 0 runs, 1 hit, 0 errors, 1 left on base; Seattle 6 - Colorado 0 |
| BOTTOM OF THE 8TH |
|
Colorado Rockies batting - Pitching for Seattle Mariners : RHP Anastasio Rodríguez
|
|
Batting: RHB Mario Garza
|
0-0: Ball 1-0: Called Strike 1-1: Ball 2-1: Ball 3-1: Called Strike 3-2: Strikes out looking
|
|
Batting: LHB Oliver Acevedo
|
0-0: Called Strike 0-1: Foul Ball, location: 5F 0-2: Ball 1-2: Foul Ball, location: 2F 1-2: Fly out, F4 (Line Drive, 4M, EV 67 MPH)
|
|
Batting: LHB Tony Parker
|
0-0: Called Strike 0-1: Swinging Strike 0-2: Foul Ball, location: 5FF 0-2: Ball 1-2: DOUBLE (Groundball, 5L, EV 106 MPH)
|
|
Pitching: RHP Bobby Frazier
|
|
|
Batting: RHB Christian Walker
|
0-0: Ball 1-0: Swinging Strike 1-1: Ball 2-1: Swinging Strike 2-2: Ball 3-2: Base on Balls
|
|
Batting: LHB Rowdy Tellez
|
0-0: Ball 1-0: Ball 2-0: Fly out, F8 (Line Drive, 8RM, EV 98 MPH)
|
| Bottom of the 8th over - 0 runs, 1 hit, 0 errors, 2 left on base; Seattle 6 - Colorado 0 |
| TOP OF THE 9TH |
|
Seattle Mariners batting - Pitching for Colorado Rockies : RHP Don Younger
|
|
Pitching: RHP Christopher Acosta
|
|
|
Batting: LHB Mike Hahn
|
0-0: Called Strike 0-1: Ball 1-1: Ball 2-1: Ground out 4-3 (Groundball, 4D, EV 111 MPH)
|
|
Batting: RHB Josh Morgan
|
0-0: Called Strike 0-1: Foul Ball, location: 9LSF 0-2: Strikes out swinging
|
|
Batting: SHB Fidel Mejia
|
0-0: Foul Ball, location: 23F 0-1: Reached on error, E2 (Popup, 13S, EV 56 MPH)
|
|
Batting: LHB Reese McGuire
|
0-0: Ball 1-0: Ball 2-0: Fly out, F9 (Flyball, 9, EV 78 MPH)
|
| Top of the 9th over - 0 runs, 0 hits, 1 error, 1 left on base; Seattle 6 - Colorado 0 |
| BOTTOM OF THE 9TH |
|
Colorado Rockies batting - Pitching for Seattle Mariners : RHP Bobby Frazier
|
|
Batting: LHB Dom Nunez
|
0-0: Foul Ball, location: 5F 0-1: Swinging Strike 0-2: Ball 1-2: Foul Ball, location: 5F 1-2: Ball 2-2: Foul Ball, location: 2F 2-2: Ball 3-2: Reached via error on a dropped throw from 1B, E1 (Groundball, 34S, EV 112 MPH)
|
|
Batting: RHB Joe Hill
|
0-0: Foul Ball, location: 25F 0-1: Called Strike 0-2: Foul Ball, location: 7LDF 0-2: Foul Ball, location: 2F 0-2: Fly out, F9 (Line Drive, 9D, EV 79 MPH)
|
|
Batting: RHB Tim Stevenson
|
0-0: Fly out, F7 (Flyball, 78M, EV 80 MPH)
|
|
Batting: RHB Ed Mann
|
0-0: Ball 1-0: Ball 2-0: Ball 3-0: Called Strike 3-1: Foul Ball, location: 2F 3-2: Strikes out swinging
|
| Bottom of the 9th over - 0 runs, 0 hits, 1 error, 1 left on base; Seattle 6 - Colorado 0 |
|